 Dungeon Crawl Stone Soup version 0.26.0-10-g1f06aea511 (webtiles) character file.

Game seed: 6975873408426806138

61 Borgoz the Slasher (level 4, 0/36 HPs)
             Began as a Ghoul Gladiator on Jan 30, 2021.
             Slain by an adder (5 damage)
             ... on level 2 of the Dungeon.
             The game lasted 00:01:14 (962 turns).

Borgoz the Slasher (Ghoul Gladiator)                 Turns: 962, Time: 00:01:14

Health: 0/36       AC:  4    Str: 14 (17) XL:     4   Next: 7%
Magic:  3/3        EV: 12    Int:  2 (3)  God:
Gold:   40         SH:  0    Dex:  9 (11) Spells: 3/3 levels left

rFire    . . .     SeeInvis .   a - +0 long sword
rCold    + . .     Faith    .   (no shield)
rNeg     + + +     Spirit   .   b - +0 leather armour
rPois    ∞         Reflect  .   c - +0 helmet
rElec    .         Harm     .   (no cloak)
rCorr    .         Rampage  .   (no gloves)
Will     .....                  (no boots)
Stlth    +.........             (no amulet)
HPRegen  0.00/turn              (no ring)
MPRegen  0.08/turn              (no ring)

@: flying
A: claws 1, cold resistance 1, negative energy resistance 3, inhibited
regeneration, torment resistance, unbreathing
a: no special abilities


You were on level 2 of the Dungeon.
You visited 1 branch of the dungeon, and saw 2 of its levels.

You collected 40 gold pieces.

Inventory:

Hand Weapons
 a - a +0 long sword (weapon)
Armour
 b - a +0 leather armour (worn)
 c - a +0 helmet (worn)
Jewellery
 j - an uncursed amulet of the acrobat {unknown}
Scrolls
 e - a scroll of identify {unknown}
 f - 3 scrolls of remove curse {unknown}


   Skills:
 - Level 2.1 Fighting
 * Level 3.6 Long Blades
 - Level 1.7 Throwing
 + Level 1.3 Armour
 + Level 3.2 Dodging


You had 3 spell levels left.
You didn't know any spells.
Your spell library was empty.

Dungeon Overview and Level Annotations

Branches:
Dungeon (2/15)

Altars:


Innate Abilities, Weirdness & Mutations

You thrive by killing the living.
You are immune to poison.
You have sharp fingernails.
Your flesh is cold resistant. (rC+)
You are immune to negative energy. (rN+++)
You do not regenerate when monsters are visible.
You are immune to unholy pain and torment.
You can survive without breathing.


Message History

* * * LOW HITPOINT WARNING * * *
It was a potion of degeneration.
There was something very wrong with that liquid.
You feel weakened.
You feel dopey.
You feel clumsy. The adder misses you.
It was a potion of lignification.
You feel woody for a moment. The adder misses you.
You riposte.
You hit the adder.
The adder is almost dead.
You aren't carrying any potions.
Throw: throwing net
Press: ? - help, Q - select action Shift-Dir - straight line, f/p - adder
Aim: an adder (almost dead)
You throw a throwing net. The throwing net misses the adder.
The adder bites you.
* * * LOW HITPOINT WARNING * * *
You aren't carrying any potions.
You barely miss the adder.
The adder is almost dead.
The adder closely misses you. The adder bites you.
You die...

##. ... ... ..
#... .. #..(. .#
#.... .#
###...##.#####.
.......S#.....?
#....@...##..
#............
#..†.....#...
#.........# #
#.........#
#.........#
#######†#####...#
........# .#.#
#######.#####.##..


You could see an adder.

Vanquished Creatures
  3 adders (D:2)
  A worm (D:2)
  A dart slug (D:1)
  3 giant cockroaches
  5 goblins (D:1)
  4 hobgoblins (D:1)
  2 bats
  2 frilled lizards (D:1)
  6 kobolds (D:1)
  A rat (D:1)
28 creatures vanquished.

Notes
Turn   | Place    | Note
-------+----------+-------------------------------------------
     0 | D:1      | Borgoz the Ghoul Gladiator began the quest for the Orb.
     0 | D:1      | Reached XP level 1. HP: 17/17 MP: 0/0
   207 | D:1      | Reached XP level 2. HP: 24/24 MP: 1/1
   566 | D:1      | Reached XP level 3. HP: 28/29 MP: 2/2
   596 | D:1      | Reached skill level 1 in Armour
   919 | D:2      | Reached XP level 4. HP: 29/36 MP: 3/3
   962 | D:2      | Slain by an adder

Illustrated notes

Levels and vault maps discovered:
D:1:      sevenhm_arrival_forest_fort_large_2, layout_loops_ring
D:2:      layout_loops_ring, chequers_ecumenical_altar_island

Skill      XL: |  1  2  3 |
---------------+----------+-----
Long Blades    | 3 |  3.6
Dodging        | 3 |  3.2
Armour         | 1 |  1.3
Fighting       | |  2.1
Throwing       | |  1.7

Action                   |  1- 3 |  4- 6 || total
-------------------------+-------+-------++-------
Melee: Long sword        |    72 |    21 ||    93
Throw: Throwing net      |       |     3 ||     3
  Use: Potion            |       |     3 ||     3
Armor: Leather armour    |    22 |     4 ||    26
Dodge: Dodged            |    54 |    26 ||    80
       Rpst.: Long sword |    15 |    10 ||    25
